 Dungeon Crawl Stone Soup version 0.14.0-24-gfb45beb (webtiles) character file.

7150 Qrupt the Carver (level 10, -6/65 HPs)
             Began as a High Elf Wanderer on Apr 23, 2014.
             Was a Believer of Ashenzari.
             Mangled by a minotaur (28 damage)
             ... in a labyrinth.
             The game lasted 00:33:00 (12063 turns).

Qrupt the Carver (High Elf Wanderer)               Turns: 12063, Time: 00:33:00

HP  -6/65        AC  9     Str 10      XL: 10   Next: 80%
MP   0/23        EV 23     Int 18      God: Ashenzari [**....]
Gold 221         SH 15     Dex 18      Spells:  1 memorised, 15 levels left

rFire  . . .     SeeInvis +     B - +2,+0 falchion (elec)
rCold  . . .     Clarity  .     M - +1 leather armour "Plunteupn" {Dam+2 SInv}
rNeg   . . .     Conserve .     n - +2 buckler (curse)
rPois  +         rCorr    .     I - +0 helmet (curse)
rElec  .         rRot     .     w - +1 cloak (curse)
SustAb . .       Spirit   +     (no gloves)
rMut   .         Warding  .     l - +1 pair of boots (curse)
Saprov . . .     Stasis   .     b - amulet of guardian spirit
MR     +....                    A - cursed ring of poison resistance
                                J - +3 ring of evasion

@: somewhat resistant to hostile enchantments, quite stealthy
A: no striking features
a: Renounce Religion


You were in a labyrinth.
You worshipped Ashenzari.
Ashenzari was pleased with you.
You were not hungry.

You visited 2 branches of the dungeon, and saw 10 of its levels.
You also visited: Labyrinth and Ossuary.

You collected 477 gold pieces.
You spent 256 gold pieces at shops.

Inventory:

Hand weapons
 a - a +3,+1 bow
 B - a +2,+0 falchion of electrocution (weapon)
Missiles
 c - 16 arrows
Armour
 l - a cursed +1 pair of boots (worn)
 n - a cursed +2 buckler (worn)
 w - a cursed +1 cloak (worn)
 I - a cursed +0 helmet (worn)
 M - the cursed +1 leather armour "Plunteupn" (worn) {Dam+2 SInv}
   (You bought it in a shop on level 7 of the Dungeon)

   It affects your damage with ranged weapons and melee attacks (+2).
   It enhances your eyesight.
   It has a curse placed upon it.
Magical devices
 p - a wand of fire (4) {unknown}
 K - a wand of invisibility (4)
Comestibles
 d - 3 bread rations
 r - 5 meat rations
 s - a choko
 z - 4 apricots
 E - an apple
 G - 3 pears
 N - 27 strawberries
 O - an orange
Scrolls
 e - a scroll of enchant weapon I
 g - 4 scrolls of fog
 h - a scroll of magic mapping
 j - a scroll of identify
 m - 3 scrolls of remove curse
 u - 4 scrolls of blinking
 v - 2 scrolls of enchant armour
 x - 2 scrolls of recharging
 y - 2 scrolls of amnesia
 C - 6 scrolls of curse armour
 D - a scroll of fear
Jewellery
 b - an amulet of guardian spirit (around neck)
 o - an uncursed ring of positive energy
 A - a cursed ring of poison resistance (right hand)
 J - a +3 ring of evasion (left hand)
Potions
 f - 11 potions of curing
 k - 4 potions of restore abilities
 q - 3 potions of brilliance
 Q - 2 potions of agility
Books
 L - a Necronomicon {highlevel}

   This book is beyond your current level of understanding.

   Spells                             Type                      Level
   Haunt                              Necromancy/Summoning         7
   Borgnjor's Revivification          Necromancy                   8
   Death's Door                       Charms/Necromancy            8
   Necromutation                      Transmutation/Necromancy     8


   Skills:
 - Level 4.4 Fighting
 - Level 12.3 Long Blades
 - Level 2.6 Bows
 - Level 10.4(11.7) Dodging
 - Level 3.7(5.1) Stealth
 + Level 5.5(7.0) Shields
 - Level 3.7 Spellcasting
   Level 2.0 Ice Magic
 - Level 1.0 Evocations


You had 15 spell levels left.
You knew the following spells:

 Your Spells              Type           Power        Failure   Level  Hunger
a - Shock                 Conj/Air       #...         17%         1    None


Dungeon Overview and Level Annotations

Branches:
Dungeon (9/15)             Temple (0/1) D:5            Lair (1/8) D:9
    Orc: D:9-12

Altars:
Ashenzari
Elyvilon
Kikubaaqudgha
Nemelex Xobeh
Trog
Vehumet
Xom
Zin

Shops:
D:7 [   D:8 *

Annotations:
D:7 Joseph
D:9 Psyche


Message History

You feel much better. The minotaur hits you! The minotaur misses you.
You hit the minotaur but do no damage.
The minotaur is almost dead.
You block the minotaur's attack. The minotaur gores you.
* * * LOW HITPOINT WARNING * * *
Drink which item? (? for menu, Esc to quit)
You feel much better. The minotaur closely misses you.
The minotaur completely misses you.
You hit the minotaur.
The minotaur is almost dead.
The minotaur barely misses you. The minotaur completely misses you.
You hit the minotaur.
The minotaur is almost dead.
You hit the minotaur.
The minotaur is almost dead.
The minotaur hits you! The minotaur gores you!
You closely miss the minotaur.
The minotaur is almost dead.
The minotaur hits you!
You die...

, , # * * , .
* ##* # , , #.
, #. . * #.
.##* # , #.*
,, #, # ,
#.###.# * ,
,#.@.#.
#.####H.#.#.#
.
#.......(.....
* #..
▓▓▓▓(▓▓▓▓.#* ,
* ▓(▓ *, . ,*
* ▓'▓ * , ,
<.. , ,
..⌠+,*, * *
+⌠...▓ ,. #


You could see a minotaur.

Vanquished Creatures
  A death yak (D:9)
  An unseen horror (Lab)
  An elephant (D:9)
  Maurice (D:9)
  2 wandering mushrooms (Lab)
  Prince Ribbit (D:9)
  A hydra skeleton (D:9)
  3 shadows (Lab)
  Edmund (D:5)
  A hungry ghost (Lab)
  4 phantoms
  A black bear (D:6)
  2 sky beasts
  8 ogres
  An orc warrior (D:6)
  2 ice beasts
  2 crocodiles
  Sigmund (D:5)
  2 centaurs
  2 giant frogs
  A water moccasin zombie (Ossuary)
  A hippogriff zombie (D:6)
  2 scorpions
  A giant frog zombie (D:6)
  A centaur zombie (D:6)
  4 crimson imps
  A goliath beetle (D:9)
  3 orc priests
  3 hounds
  Crazy Yiuf (D:7)
  3 jellies
  6 orc wizards
  6 worker ants
  A big kobold zombie (Ossuary)
  An ogre skeleton (D:6)
  2 mummies (Ossuary)
  3 gnolls (D:6)
  A worm zombie (D:5)
  6 green rats (Lair:1)
  3 giant mites (D:5)
  12 adders
  A shadow imp (D:7)
  3 worms
  6 adder zombies (Ossuary)
  An adder skeleton (D:9)
  5 giant eyeballs
  4 giant geckos
  2 oozes
  36 orcs
  3 ball pythons
  11 bats
  A bat zombie (D:7)
  11 goblins
  17 hobgoblins
  12 jackals
  4 giant cockroaches
  6 giant newts
  A giant newt zombie (D:5)
  A giant spore (D:6)
  A gnoll zombie (Ossuary)
  5 hobgoblin zombies (Ossuary)
  8 kobolds
  2 kobold skeletons (D:5)
  9 kobold zombies (Ossuary)
  5 orc zombies
  2 quokkas
  11 rats
  A rat zombie (D:5)
  2 ballistomycetes (D:6)
271 creatures vanquished.

Notes
Turn   | Place    | Note
--------------------------------------------------------------
     0 | D:1      | Qrupt, the High Elf Wanderer, began the quest for the Orb.
     0 | D:1      | Reached XP level 1. HP: 16/16 MP: 3/3
   208 | D:1      | Reached XP level 2. HP: 21/21 MP: 4/4
   764 | D:2      | Found a sparkling altar of Nemelex Xobeh.
   904 | D:2      | Reached XP level 3. HP: 26/26 MP: 8/8
  1684 | D:3      | Reached XP level 4. HP: 30/33 MP: 11/11
  1747 | D:3      | Reached skill level 4 in Fighting
  1978 | D:3      | Reached XP level 5. HP: 37/37 MP: 14/14
  2859 | D:4      | Found a sand-covered staircase.
  2904 | Ossuary  | Entered an ossuary
  2968 | Ossuary  | Reached skill level 1 in Long Blades
  3694 | Ossuary  | Reached XP level 6. HP: 11/44 MP: 17/17
  4062 | D:4      | Paralysed by a giant eyeball for 3 turns
  4093 | D:4      | Found an ancient bone altar of Kikubaaqudgha.
  4094 | D:4      | Found a bloodstained altar of Trog.
  4095 | D:4      | Found a shattered altar of Ashenzari.
  4102 | D:4      | Found a white marble altar of Elyvilon.
  4107 | D:4      | Found a radiant altar of Vehumet.
  4318 | D:4      | Became a worshipper of Ashenzari the Shackled
  4751 | D:4      | Noticed a phantom
  4769 | D:4      | Killed a phantom
  4769 | D:4      | Reached skill level 5 in Long Blades
  4889 | D:4      | Reached XP level 7. HP: 49/49 MP: 19/19
  5030 | D:5      | Entered Level 5 of the Dungeon
  5246 | D:5      | Reached skill level 6 in Long Blades
  5323 | D:5      | Reached skill level 7 in Long Blades
  5645 | D:5      | Noticed Edmund
  5654 | D:5      | Killed Edmund
  5654 | D:5      | Reached skill level 8 in Long Blades
  5952 | D:5      | Reached XP level 8. HP: 17/54 MP: 20/20
  6228 | D:5      | Reached skill level 9 in Long Blades
  6477 | D:5      | Noticed Sigmund
  6491 | D:5      | Killed Sigmund
  6733 | D:5      | Found a staircase to the Ecumenical Temple.
  7245 | D:5      | Reached skill level 10 in Long Blades
  7791 | D:6      | Reached skill level 11 in Long Blades
  8394 | D:6      | Reached XP level 9. HP: 59/59 MP: 22/22
  8483 | D:6      | Reached skill level 12 in Long Blades
  9002 | D:7      | Found Muic's Antique Armour Emporium.
  9028 | D:7      | Bought a crude leather armour for 224 gold pieces
  9035 | D:7      | Identified the cursed +1 leather armour "Plunteupn" {Dam+2 SInv} (You bought it in a shop on level 7 of the Dungeon)
  9070 | D:7      | Noticed Joseph
  9224 | D:7      | Reached skill level 1 in Dodging
  9355 | D:7      | Identified the +3 leather armour "Beunag" {Str+2 Int+1}
  9646 | D:7      | Noticed Crazy Yiuf
  9665 | D:7      | Killed Crazy Yiuf
  9722 | D:8      | Found Siaso's General Store.
  9749 | D:8      | Bought a potion of curing for 32 gold pieces
  9753 | D:8      | Found a shimmering altar of Xom.
  9753 | D:8      | Noticed an angel
  9765 | D:8      | Found a glowing silver altar of Zin.
 10293 | D:8      | Reached skill level 5 in Dodging
 10653 | D:9      | Acquired Ashenzari's first power
 10699 | D:9      | Noticed Prince Ribbit
 10722 | D:9      | Noticed Psyche
 10790 | D:9      | Found a staircase to the Lair.
 10790 | D:9      | Noticed a death yak
 10791 | D:9      | Noticed an elephant
 10832 | D:9      | Killed an elephant
 11014 | D:9      | Killed Prince Ribbit
 11014 | D:9      | Reached XP level 10. HP: 52/65 MP: 19/23
 11047 | D:9      | Noticed Maurice
 11060 | D:9      | Killed Maurice
 11352 | D:9      | Killed a death yak
 11352 | D:9      | Reached skill level 10 in Dodging
 11590 | Lair:1   | Entered Level 1 of the Lair of Beasts
 11591 | Lair:1   | Reached skill level 1 in Shields
 11667 | Lair:1   | Found a labyrinth entrance.
 11678 | Lab      | Entered a labyrinth
 11851 | Lab      | Noticed an unseen horror
 11870 | Lab      | Killed an unseen horror
 11870 | Lab      | Reached skill level 5 in Shields
 12035 | Lab      | Noticed a minotaur
 12063 | Lab      | Mangled by a minotaur

Action                   |  1- 3 |  4- 6 |  7- 9 | 10-12 || total
-------------------------+-------+-------+-------+-------++-------
Melee: Falchion          |       |   149 |   468 |   142 ||   759
       Bow               |       |     8 |       |       ||     8
 Fire: Bow               |    72 |   108 |    35 |    29 ||   244
 Cast: Shock             |       |       |     7 |     6 ||    13
Evoke: Wand              |       |       |     3 |     2 ||     5
  Use: Potion            |       |     2 |     3 |     3 ||     8
       Scroll            |       |     3 |    20 |     1 ||    24
 Stab: Sleeping          |       |     6 |    14 |     4 ||    24
       Distracted        |       |     2 |     2 |     2 ||     6
       Invisible         |       |       |       |     8 ||     8
